Map: Prion Terraces

Players

Serral - Winner!

  • Race: Zerg Zerg
  • League: Grandmaster

Elazer

  • Race: Zerg Zerg
  • League: Grandmaster

Event: 2016 WCS Winter Challenger Europe

VOD

Have the link to the VOD?

Description

Time

  • Played on: Feb. 14, 2016, 10:39 a.m.
  • Length: 11:29

All games in this series

Show
View Real Time Build Order
Export as new Build Order

Serral Zerg - Winner!

Build Orders: Pool First 

Get SALT Encoding   

  12  0:00  Drone  
  13  0:12  Overlord  
  13  0:17  Drone  
  14  0:31  Drone x2  
  14  0:35  Drone  
  17  0:41  Extractor  
  16  0:45  Drone  
  17  0:50  Spawning Pool  
  17  0:56  Drone  
  17  1:07  Drone  
  18  1:20  Hatchery  
  18  1:24  Drone  
  18  1:36  Queen  
  20  1:41  Metabolic Boost  
  20  1:47  Overlord  
  20  1:51  Drone  
  21  1:55  Zergling x2  
  22  2:02  Baneling Nest  
  22  2:06  Zergling x2  
  22  2:11  Zergling x2  
  23  2:24  Zergling x2  
  24  2:35  Zergling x4  
  26  2:38  Queen  
  28  2:45  Queen  
  28  2:49  Overlord  
  28  2:51  Drone  
  31  2:54  Drone  
  31  2:56  Drone  
  33  3:00  Drone  
  34  3:05  Drone  
  34  3:08  Drone  
  37  3:12  Drone  
  37  3:13  Drone  
  37  3:17  Zergling x2  
  37  3:19  Drone x2  
  41  3:26  Drone x2  
  42  3:29  Zergling x2  
  42  3:37  Overlord  
  42  3:40  Baneling x2  
  41  3:47  Drone x2  
  40  3:53  Extractor  
  40  3:54  Roach Warren  
  38  3:57  Zergling x6  
  38  3:58  Zergling x6  
  38  4:00  Overlord  
  38  4:02  Drone  
  45  4:11  Overlord  
  45  4:15  Drone, Hatchery  
  45  4:18  Overlord  
  45  4:23  Drone x3  
  48  4:27  Baneling  
  48  4:28  Zergling x2  
  49  4:35  Zergling x6  
  49  4:36  Zergling x2  
  51  4:41  Drone x2  
  53  4:46  Roach Warren  
  49  5:00  Zergling x8  
  49  5:04  Baneling x4  
  53  5:08  Overlord, Extractor  
  53  5:09  Evolution Chamber  
  53  5:10  Drone x3, Extractor  
  53  5:11  Drone, Lair  
  55  5:15  Zergling x2  
  55  5:16  Overlord  
  55  5:20  Drone  
  57  5:25  Drone  
  57  5:27  Drone  
  59  5:31  Drone  
  59  5:33  Overlord  
  55  5:37  Overlord  
  55  5:42  Overlord  
  52  5:46  Roach x4  
  52  5:47  Zerg Missile Weapons Level 1  
  57  5:51  Queen  
  57  5:54  Drone  
  57  5:55  Drone x2  
  61  5:58  Roach x2  
  65  6:04  Roach x2  
  65  6:06  Baneling x2  
  65  6:11  Glial Reconstitution  
  69  6:14  Roach x2  
  69  6:19  Drone x3  
  69  6:20  Drone  
  69  6:22  Zergling x2  
  74  6:26  Ravager  
  74  6:27  Ravager x3  
  74  6:31  Roach x2  
  82  6:38  Drone x2  
  83  6:41  Roach x3  
  83  6:46  Overseer  
  89  6:51  Roach x4  
  97  6:55  Drone x2  
  97  6:58  Baneling x2  
  97  6:59  Overlord  
  99  7:03  Roach x3  
  105  7:10  Roach  
  105  7:11  Roach x2  
  105  7:14  Overlord x2  
  111  7:21  Roach x3  
  117  7:25  Roach  
  117  7:26  Roach  
  117  7:27  Overlord  
  121  7:33  Overlord x2  
  121  7:34  Roach  
  121  7:35  Roach  
  122  7:45  Drone x5  
  122  7:46  Drone x3, Extractor x2  
  122  7:49  Roach  
  122  7:50  Roach  
  132  7:55  Roach x3  
  138  8:00  Zerg Missile Weapons Level 2  
  138  8:02  Roach  
  138  8:03  Roach  
  144  8:05  Roach  
  144  8:06  Roach  
  144  8:10  Overlord  
  146  8:15  Roach x2  
  150  8:21  Overlord x3  
  150  8:23  Ravager x3  
  153  8:27  Burrow  
  153  8:30  Roach  
  153  8:31  Overlord x2  
  153  8:34  Overlord  
  153  8:39  Ravager  
  154  8:43  Roach x4  
  154  8:45  Ravager  
  161  8:50  Roach x4  
  161  8:53  Ravager x2  
  170  8:56  Roach x2  
  170  9:08  Roach x2  
  170  9:09  Roach x4  
  172  9:16  Roach  
  172  9:17  Roach x3  
  178  9:23  Ravager x2  
  174  9:27  Roach x3  
  180  9:38  Roach x5  
  186  9:42  Overlord, Ravager, Roach x2  
  186  9:45  Roach  
  193  9:48  Hatchery  
  192  9:53  Roach x2  
  192  10:00  Overlord  
  192  10:04  Roach x2  
  192  10:05  Roach x2  
  192  10:10  Roach x3  
  188  10:18  Roach x4  
  175  10:27  Roach x2  
  175  10:28  Roach x3  
  160  10:31  Roach  
  160  10:32  Roach x2  
  146  10:36  Roach  
  146  10:41  Roach  
  146  10:42  Roach x7  
  136  10:43  Roach x5  
  129  10:52  Roach  
  129  10:53  Roach x2  
  135  11:02  Roach x2  
  135  11:03  Roach x2  
  143  11:06  Ravager x5  
Show
View Real Time Build Order
Export as new Build Order

Elazer Zerg 

Build Orders: Hatch First 

Get SALT Encoding   

  12  0:00  Drone  
  13  0:12  Overlord  
  13  0:17  Drone  
  14  0:30  Drone x2  
  14  0:34  Drone  
  17  0:51  Hatchery  
  17  0:53  Drone  
  17  0:56  Drone  
  18  1:07  Extractor  
  17  1:12  Spawning Pool  
  17  1:15  Drone  
  17  1:18  Drone  
  18  1:27  Drone  
  19  1:38  Overlord  
  19  1:50  Drone  
  20  2:00  Queen  
  22  2:02  Zergling x2  
  22  2:03  Queen  
  22  2:04  Drone  
  22  2:08  Metabolic Boost  
  26  2:17  Drone x2  
  28  2:23  Zergling x2  
  28  2:24  Drone  
  30  2:30  Baneling Nest  
  30  2:34  Zergling x2  
  30  2:36  Queen  
  32  2:44  Drone  
  32  2:48  Overlord  
  32  2:58  Zergling x4  
  34  3:09  Zergling x4  
  34  3:11  Queen  
  38  3:13  Baneling x3  
  38  3:14  Overlord  
  38  3:18  Overlord  
  38  3:19  Drone x3  
  41  3:25  Drone x2  
  41  3:28  Drone  
  41  3:29  Drone  
  41  3:38  Evolution Chamber  
  41  3:40  Drone x2  
  42  3:47  Drone x3  
  43  3:53  Extractor  
  42  3:58  Drone x2  
  42  4:02  Drone x3  
  47  4:05  Zerg Missile Weapons Level 1, Hatchery  
  46  4:14  Zergling x6  
  49  4:21  Roach Warren  
  49  4:23  Extractor  
  47  4:25  Zergling x10  
  47  4:27  Baneling  
  52  4:35  Drone x3  
  51  5:00  Drone x5  
  51  5:02  Lair  
  51  5:03  Overlord  
  51  5:05  Drone x4  
  60  5:09  Baneling x2  
  60  5:18  Roach x3  
  66  5:22  Roach  
  66  5:23  Roach  
  70  5:31  Roach x3  
  70  5:35  Roach  
  68  5:43  Roach x3  
  68  5:48  Overlord x2  
  68  5:53  Baneling  
  68  5:54  Baneling  
  68  5:57  Overlord  
  68  6:01  Zerg Missile Weapons Level 2, Glial Reconstitution  
  68  6:04  Overlord  
  68  6:08  Drone x2  
  68  6:09  Drone x3  
  68  6:10  Overseer  
  74  6:11  Drone x2  
  74  6:22  Roach x3  
  80  6:27  Extractor  
  80  6:30  Overlord  
  80  6:31  Drone x2  
  80  6:32  Drone  
  82  6:33  Drone  
  82  6:34  Drone x3  
  82  6:36  Drone x2  
  82  6:37  Drone x2  
  87  6:46  Roach x2  
  91  6:51  Roach  
  91  6:52  Roach x3  
  99  6:54  Ravager  
  99  6:57  Overlord  
  100  7:01  Roach  
  100  7:02  Roach x2  
  100  7:07  Overlord  
  100  7:08  Overlord x2  
  106  7:10  Extractor  
  106  7:13  Overlord  
  105  7:17  Drone  
  106  7:26  Roach x9  
  124  7:31  Ravager  
  124  7:32  Ravager  
  126  7:37  Roach x4  
  126  7:41  Overlord  
  134  7:45  Drone  
  134  7:51  Overlord x4, Ravager  
  136  7:53  Roach  
  138  7:58  Overlord  
  138  8:05  Roach x4  
  146  8:15  Roach x5  
  156  8:20  Roach x7  
  156  8:26  Roach  
  172  8:31  Overlord x2, Ravager x2  
  174  8:36  Roach x4  
  182  8:43  Ravager  
  182  8:46  Roach x2  
  181  8:51  Ravager  
  182  8:56  Extractor  
  182  8:58  Drone x2  
  182  8:59  Drone  
  182  9:00  Roach x4  
  190  9:06  Hatchery  
  176  9:10  Roach x5  
  176  9:11  Roach  
  176  9:15  Ravager  
  184  9:22  Roach x4  
  191  9:28  Ravager  
  192  9:35  Roach x4  
  196  9:59  Ravager x2  
  197  10:00  Ravager  
  197  10:06  Roach x4  
  187  10:21  Roach x7  
  138  10:31  Roach x7  
  138  10:32  Roach x2  
  129  10:40  Roach x6  
  114  10:45  Roach  
  91  10:50  Roach x2  
  91  10:53  Roach  
  94  10:57  Roach  
  94  11:00  Overseer  
  94  11:02  Roach  
  98  11:05  Roach  
Tags
 
Add a new tag
Caveats
  • Supply blocks, unpowered buildings, or Contaminate may cause inaccurate times.
  • Supply counts are checked every 10 seconds.